 Dungeon Crawl Stone Soup version 0.31.0-9-g3a7656b989 (webtiles) character file.

Game seed: 8901110164574648801

1 Kallu the Gusty (level 1, 0/14 HPs)
             Began as a Demigod Air Elementalist on Feb 6, 2024.
             Slain by a hobgoblin (4 damage)
             ... on level 1 of the Dungeon.
             The game lasted 00:00:22 (53 turns).

Kallu the Gusty (Demigod Air Elementalist)            Turns: 53, Time: 00:00:22

Health: 0/14       AC:  2    Str:  9    XL:     1   Next: 13%
Magic:  1/5        EV: 12    Int: 17    God:
Gold:   28         SH:  0    Dex: 14    Spells: 2/3 levels left

rFire   . . .        (no weapon)
rCold   . . .        (no shield)
rNeg    . . .        a - +0 robe
rPois   .            (no helmet)
rElec   .            (no cloak)
rCorr   .            (no gloves)
SInv    .            (no boots)
Will    .....        (no amulet)
Stlth   ++           (no ring)
HPRegen 0.22/turn    (no ring)
MPRegen 0.09/turn

%: no passive effects
@: no status effects
A: high MP 1, forlorn, divine attributes
a: no special abilities


You were on level 1 of the Dungeon.
You visited 1 branch of the dungeon, and saw 1 of its levels.

You collected 28 gold pieces.

Inventory:

Armour
 a - a +0 robe (worn)
Scrolls
 c - a scroll of fog {unknown}
Potions
 b - a potion of magic


   Skills:
 - Level 1.7 Dodging
 - Level 1.7 Stealth
 - Level 1.7 Spellcasting
 * Level 1.0 Conjurations
 * Level 2.7 Air Magic


You had 2 spell levels left.
You knew the following spells:

 Your Spells              Type           Power      Damage    Failure   Level
a - Shock                 Conj/Air       28%        1d4       10%         1

Your spell library contained the following spells:

 Spells                   Type           Power      Damage    Failure   Level
 Static Discharge         Conj/Air       14%        3-4/arc   14%         2
 Swiftness                Air            10%        N/A       19%         3
 Airstrike                Air            5%         2d(1-17)  54%         4


Dungeon Overview and Level Annotations

Branches:
Dungeon (1/15)


Innate Abilities, Weirdness & Mutations

You have an increased reservoir of magic. (+10% MP)
You shall have no god before yourself.
Your divine heritage dramatically boosts your attributes as you level up.


Message History

You kill the ball python!
You can't see any susceptible monsters within range! (Use Z to cast anyway.) Magic restored.
A kobold comes into view. It is wielding a +0 dagger.
A kobold is nearby!
You now have 28 gold pieces (gained 15).
You can't see any susceptible monsters within range! (Use Z to cast anyway.)
A hobgoblin comes into view.
The hobgoblin shouts!
The hobgoblin moves out of view.
The zap hits the kobold.
You kill the kobold!
Your Conjurations skill increases to level 1!
Found 15 gold pieces.
A quokka comes into view.
A frilled lizard comes into view.
The zap misses the hobgoblin.
The frilled lizard hisses angrily.
The quokka twitches its whiskers.
The frilled lizard unfolds its giant frill.
There are monsters nearby!
The zap hits the hobgoblin.
The hobgoblin is lightly wounded.
You miscast Shock.
You are very lightly contaminated with residual magic.
Nothing appears to happen.
The quokka attacks as it pursues you! The quokka misses you.
The quokka attacks as it pursues you! The quokka closely misses you.
The quokka attacks as it pursues you! The quokka bites you.
The hobgoblin attacks as it pursues you!
The hobgoblin hits you. The quokka bites you.
* * * LOW HITPOINT WARNING * * *
Your magical contamination has completely faded away.
Aiming: Shock (safe; 10% risk of failure)
Press: ? - help, Q - select action Shift-Dir - straight line, f - quokka, p - hobgoblin
Aim: a quokka (56% to hit)
The zap hits the hobgoblin.
The hobgoblin is almost dead.
The zap misses the quokka.
The zap misses the frilled lizard.
The hobgoblin hits you.
You die...

#... #....♣....≈... ###+###
#.#.....♣...♣.
###.....######.#.≈.≈.......
..#.....#...##..l.....§.≈..
8.+.)⌠..'.<.##..♣.†.♣.....♣
..#.....#...##....≈....♣..$
###.....######r##...♣.... ♣
#+###'######g####...≈.≈.
#..#..##...@.# ###......
#..........## ..)##.
#.#...##...#.# ..#
#..#..##..#..#
#...#....#...#
......#..#....# ....##..##
.##.# .##. #.. .# .# . ..
.. #


You could see a quokka, a hobgoblin and a frilled lizard.

Vanquished Creatures
  A ball python (D:1)
  A kobold (D:1)
2 creatures vanquished.

Notes
Turn   | Place    | Note
-------+----------+-------------------------------------------
     0 | D:1      | Kallu the Demigod Air Elementalist began the quest for the
                  | Orb.
     0 | D:1      | Reached XP level 1. HP: 14/14 MP: 5/5
    41 | D:1      | Reached skill level 1 in Conjurations
    53 | D:1      | Slain by a hobgoblin

Illustrated notes

Levels and vault maps discovered:
D:1:      minmay_arrival_stair_chambers, layout_loops_corners,
          nicolae_kite_square_tiling_tiny, minivault_26

Skill      XL: |  1 |
---------------+----+-----
Conjurations   | 1 |  1.0
Dodging        | |  1.7
Stealth        | |  1.7
Spellcasting   | |  1.7
Air Magic      | |  2.7

Action                     || total
---------------------------++-------
   Cast: Shock             ||     5
 Armour: Robe              ||     4
  Dodge: Dodged            ||     2
